 Dungeon Crawl Stone Soup version 0.18.1-48-g4cf74bf (webtiles) character file.

68 Krapald the Covered (level 4, 0/42 HPs)
             Began as a Deep Dwarf Fighter on July 4, 2016.
             Slain by a jackal (2 damage)
             ... on level 2 of the Dungeon on July 8, 2016.
             The game lasted 00:09:44 (1364 turns).

Krapald the Covered (Deep Dwarf Fighter)            Turns: 1364, Time: 00:09:45

Health: 0/42       AC:  7    Str: 20    XL:     4   Next: 1%
Magic:  4/4        EV:  8    Int:  9    God:
Gold:   65         SH:  9    Dex: 12    Spells: 0 memorised, 3 levels left

rFire  . . .     SeeInvis .     a - +0 war axe
rCold  . . .     Gourm    .     b - +0 scale mail
rNeg   . . .     Faith    .     c - +0 shield
rPois  .         Spirit   .     (no helmet)
rElec  .         Dismiss  .     (no cloak)
rCorr  .         Reflect  .     (no gloves)
SustAt .         Harm     .     (no boots)
MR     .....                    (no amulet)
Stlth  ..........               (no ring)
                                (no ring)

@: non-regenerating, not resistant to hostile enchantments, extremely unstealthy
A: damage resistance, recharge devices, sense surroundings 1, slow regeneration
3
a: Device Recharging


You were on level 2 of the Dungeon.
You were near starving.

You visited 1 branch of the dungeon, and saw 2 of its levels.

You collected 65 gold pieces.

Inventory:

Hand Weapons
 a - a +0 war axe (weapon)
 i - a +0 club
 p - a +0 short sword
 r - a +0 dagger
 t - a +0 dagger
Missiles
 j - 22 arrows (quivered)
 k - 18 bolts
 s - 36 stones
Armour
 b - a +0 scale mail (worn)
 c - a +0 shield (worn)
Wands
 e - a wand of heal wounds (5/9)
Scrolls
 g - a scroll of identify {unknown}
 h - a scroll of enchant armour {unknown}
 l - 4 scrolls of remove curse {unknown}
 m - a scroll of teleportation
 q - a scroll of recharging {unknown}
Potions
 d - a potion of might
 o - a potion of agility {unknown}
Comestibles
 f - a bread ration


   Skills:
 + Level 3.2 Fighting
 + Level 2.4 Axes
 + Level 4.1 Armour
 + Level 1.2 Dodging
 + Level 0.3 Stealth
 + Level 3.6 Shields


You had 3 spell levels left.
You didn't know any spells.

Dungeon Overview and Level Annotations

Branches:
Dungeon (2/15)

Altars:
Trog


Innate Abilities, Weirdness & Mutations

You are resistant to damage.
You can recharge devices by infusing magical energy.
You passively map a small area around you.
You do not regenerate naturally.


Message History

Your shield prevents you from hitting the jackal.
The jackal is heavily wounded.
You completely miss the jackal.
The jackal bites you but does no damage.
You block the jackal's attack.
The jackal bites you but does no damage.
The jackal barely misses you.
You slash the jackal!
You kill the jackal!
You have reached level 4!
You feel stronger.
You barely miss the jackal. You block the jackal's attack. x2
You barely miss the jackal. You block the jackal's attack.
The jackal barely misses you.
You closely miss the jackal. You block the jackal's attack. x2
Your shield and scale mail prevent you from hitting the jackal.
You block the jackal's attack. x2
You barely miss the jackal. The jackal barely misses you. The jackal bites you.
You miss the jackal. The jackal bites you.
You die...

###..# #.####....# *
##....###.##...##.# ,
####.#.....†....####.###
,
.........###.####.....†.
####.........# #......†.
* ####.#######........w
, #.# #....###.. * ,
##'## #...##y##. ,
#.@.#* #....###..
*#.h...#* ##........ ,
#.......#* #.).._..) ,
#.........# #....... ,
+...[.....+ ,###.))## *
,, #.........# ####**
##.......## , ,
##.....## * **


You could see a jackal.

Vanquished Creatures
  3 adders (D:2)
  A worm (D:2)
  A giant gecko (D:1)
  A bat (D:1)
  4 goblins
  3 hobgoblins (D:1)
  A jackal (D:2)
  4 quokkas (D:2)
  A giant newt (D:1)
  8 kobolds
  11 rats
38 creatures vanquished.

Notes
Turn   | Place    | Note
--------------------------------------------------------------
     0 | D:1      | Krapald the Deep Dwarf Fighter began the quest for the Orb.
     0 | D:1      | Reached XP level 1. HP: 20/20 MP: 1/1
   326 | D:1      | Reached XP level 2. HP: 27/27 MP: 2/2
  1000 | D:2      | Reached XP level 3. HP: 25/34 MP: 3/3
  1094 | D:2      | Reached skill level 4 in Armour
  1220 | D:2      | Reached skill level 1 in Dodging
  1266 | D:2      | Noticed a moth of wrath
  1269 | D:2      | Found a bloodstained altar of Trog.
  1359 | D:2      | Reached XP level 4. HP: 2/42 MP: 4/4
  1364 | D:2      | Slain by a jackal

Skill      XL: |  1  2  3 |
---------------+----------+-----
Fighting       | 3 |  3.2
Armour         | 4 |  4.1
Dodging        | 1 |  1.2
Axes           | |  2.4
Stealth        | |  0.3
Shields        | |  3.6

Action                   |  1- 3 |  4- 6 || total
-------------------------+-------+-------++-------
Melee: War axe           |   135 |     5 ||   140
  Use: Scroll            |     2 |       ||     2
       Potion            |     1 |       ||     1
Armor: Scale mail        |    63 |       ||    63
Dodge: Dodged            |    50 |     2 ||    52
Block: Shield            |    79 |     7 ||    86
